 Dungeon Crawl Stone Soup version 0.31-a0-569-g7ea453304b (webtiles) character file.

Game seed: 11780169950942595735

32 Ethylacetat the Insei (level 3, 0/25 HPs)
             Began as an Octopode Gladiator on Aug 18, 2023.
             Slain by a worm (10 damage)
             ... on level 2 of the Dungeon.
             The game lasted 00:00:44 (725 turns).

Ethylacetat the Insei (Octopode Gladiator)           Turns: 725, Time: 00:00:44

Health: 0/25       AC:  1    Str: 13    XL:     3   Next: 25%
Magic:  3/3        EV: 14    Int: 10    God:
Gold:   81         SH:  0    Dex: 15    Spells: 2/2 levels left

rFire   . .          .
                       - Unarmed
rCold   . . .        (no shield)
rNeg    . . .        a - +0 hat
rPois   .            (no amulet)
rElec   .            (no ring)
rCorr   .            (no ring)
SInv    .            (no ring)
Will    .....        (no ring)
Stlth   ++           (no ring)
HPRegen 0.24/turn    (no ring)
MPRegen 0.08/turn    (no ring)
                     (no ring)

%: no passive effects
@: no status effects
A: almost no armour, amphibious, 8 rings, camouflage 1, gelatinous body 1,
(nimble swimmer 1), tentacles
a: no special abilities


You were on level 2 of the Dungeon.
You visited 1 branch of the dungeon, and saw 2 of its levels.

You collected 81 gold pieces.

Inventory:

Missiles
 b - 3 throwing nets (quivered)
 c - a javelin
Armour
 a - a +0 hat (worn)
Scrolls
 d - 5 scrolls of vulnerability {unknown}
 e - a scroll of summoning {unknown}
 g - 2 scrolls of identify {unknown}
 i - a scroll of blinking {unknown}
 j - a scroll of poison {unknown}
 k - a scroll of acquirement {unknown}
Potions
 f - a potion of attraction {unknown}
 h - 3 potions of mutation {unknown}
 l - a potion of curing {unknown}
 m - a potion of enlightenment {unknown}


   Skills:
 + Level 2.6 Fighting
 - Level 2.0 Throwing
 + Level 3.4 Dodging
 + Level 3.4 Unarmed Combat


You had 2 spell levels left.
You didn't know any spells.
Your spell library contained the following spells:

 Spells                   Type           Power      Damage    Failure   Level
 Iskenderun's Battlesphe  Conj           0%         2d6       100%        5
 Leda's Unmaking          Conj/Erth      0%         9d1       100%        6
 Spellforged Servitor     Conj/Summ      0%         N/A       100%        7


Dungeon Overview and Level Annotations

Branches:
Dungeon (2/15)

Altars:

Shops:
D:1 !


Innate Abilities, Weirdness & Mutations

You cannot wear most types of armour.
You are amphibious.
You can wear up to eight rings at the same time.
Your skin changes colour to match your surroundings (Stealth+).
Your rubbery body absorbs attacks. (AC +1, EV +1)
((You are camouflaged when in or above water. (Stealth+)))
You have tentacles for arms and can constrict up to eight enemies at once.


Message History

There are monsters nearby!
You tentacle-slap the bat but do no damage.
You grab the bat. You constrict the bat. The bat barely misses you.
The bat struggles to escape constriction.
The bat escapes!
There are monsters nearby!
You tentacle-slap the bat. You grab the bat. You squeeze the bat.
You kill the bat!
A bat is nearby!
The bat closely misses you.
A bat is nearby!
You closely miss the bat. You grab the bat. You squeeze the bat.
You kill the bat!
Found a robe.
No target in view!
A giant cockroach and a worm come into view.
Found a bubbling sapphire potion and a short sword.
A dart slug comes into view.
The helpless worm fails to defend itself.
You tentacle-slap the worm but do no damage.
You grab the worm. You squeeze the worm.
The worm is moderately wounded.
You constrict the worm. The worm bites you!
There are monsters nearby!
You tentacle-slap the worm.
The worm is moderately wounded.
You constrict the worm.
There are monsters nearby!
You tentacle-slap the worm.
The worm is heavily wounded.
You constrict the worm. The giant cockroach barely misses you.
The worm bites you!
There are monsters nearby!
You are too injured to fight recklessly!
You are too injured to fight recklessly!
You are too injured to fight recklessly!
You tentacle-slap the worm but do no damage.
The worm is heavily wounded.
You constrict the worm. The giant cockroach bites you. The worm bites you!
You die...

...##..................
.......................
##.#.#.........##.##.#
#.#.#.######..##.##.#
#.#.#....# ..# ##.#
#......#.# ..# #.#
###.#.## # ... #
######.#+##.# #
#......@w...# #
#.....B.....# #
#...........# #
........[...!# #
........?#####
.........# .........)
.....w...


You could see a worm, a dart slug (asleep) and a giant cockroach.

Vanquished Creatures
  2 dart slugs
  3 ball pythons (D:1)
  2 endoplasms (D:1)
  A giant cockroach (D:2)
  4 hobgoblins (D:1)
  2 quokkas
  3 bats
  5 frilled lizards (D:1)
  2 goblins (D:1)
  2 kobolds (D:1)
  A rat (D:1)
27 creatures vanquished.

Notes
Turn   | Place    | Note
-------+----------+-------------------------------------------
     0 | D:1      | Ethylacetat the Octopode Gladiator began the quest for the
                  | Orb.
     0 | D:1      | Reached XP level 1. HP: 14/14 MP: 1/1
   119 | D:1      | Found Otolurch's Distillery.
   176 | D:1      | Reached XP level 2. HP: 18/19 MP: 2/2
   494 | D:1      | Reached XP level 3. HP: 25/25 MP: 3/3
   725 | D:2      | Slain by a worm

Illustrated notes

Levels and vault maps discovered:
D:1:      nicolae_arrival_washed_ashore, layout_rooms, serial_shops,
          nicolae_shop_tiny_statue_garden, hangedman_abyss_or_decor_lesser_grid,
          hangedman_decor_points
D:2:      layout_basic

Action                     || total
---------------------------++-------
  Melee: Unarmed           ||    54
         Constrict         ||    19
         Tentacles         ||    10
         Punch             ||     1
   Stab: Sleeping          ||     4
         Distracted        ||     1
 Armour: Skin              ||     3
  Dodge: Dodged            ||    25

Table legend: (Time is in decaauts)
 A = Elapsed time spent in this place.
 B = Non-inter-level travel time spent in this place.
 C = Inter-level travel time spent in this place.
 D = Time resting spent in this place.
 E = Time spent auto-exploring this place.
 F = Levels seen in this place.
 G = Mean time per level.
                   A        B        C        D        E       F      G
               +--------+--------+--------+--------+--------+-----+--------+
         Total |    721 |    686 |     35 |      0 |    541 |   2 |  360.5 |
       Dungeon |    721 |    686 |     35 |      0 |    541 |   2 |  360.5 |
               +--------+--------+--------+--------+--------+-----+--------+

Top non-repeatable levels by time:
     D:1: 608 daAuts
     D:2: 112 daAuts
